AoeStats
← DK_byktor

Arabian Desert

510319238Analyzed
1v1 RM · 2d ago on Sep 30, 2026· 67m 41s· 2 players
Game mode
Random Map
Map size
Tiny (2 player)
Population
200
Speed
Normal
Resources
Standard
Victory
Conquest
Starting age
Dark Age
Ending age
Imperial Age
RankedLock teamsTeams togetherTeam positionsShared explorationLock speedFull tech treeHidden civsTurbo modeCheats
Victory
Defeat
🇪🇸 Malay · Spain
1341
+17
🇨🇳 Khmer · China
1359
-17
DK_byktor
7:59 Loom
9:55 Feudal Age
10:21 Town Watch
13:39 Double-Bit Axe
14:32 Fletching
18:10 Padded Archer Armor
25:46 Wheelbarrow
29:12 Castle Age
28:30 Elite Skirmisher
29:06 Bodkin Arrow
33:08 Leather Archer Armor
36:12 Pikeman
39:35 Squires
44:11 Imperial Age
41:46 Crossbowman
46:35 Bracer
47:04 Ballistics
50:23 Chemistry
49:28 Siphons
54:39 Conscription
54:25 Halberdier
55:17 Forging
56:17 Ring Archer Armor
55:59 Masonry
57:42 Iron Casting
57:53 Arson
58:32 Bow Saw
58:02 Horse Collar
58:13 Gold Mining
58:14 Stone Mining
60:00 Blast Furnace
58:42 Treadmill Crane
59:50 Elite Karambit Warrior
68:04 Thumb Ring
68:07 Siege Engineers
Alan FEVM
6:03 Loom
8:33 Feudal Age
10:13 Fletching
19:11 Padded Archer Armor
21:35 Town Watch
26:11 Castle Age
24:27 Double-Bit Axe
25:59 Bloodlines
26:02 Scale Barding Armor
26:53 Bodkin Arrow
27:16 Crossbowman
30:52 Husbandry
30:39 Horse Collar
34:11 Forging
35:25 Wheelbarrow
35:26 Chain Barding Armor
39:20 Town Patrol
39:23 Heavy Plow
39:35 Bow Saw
40:29 Ballistics
45:09 Iron Casting
48:14 Imperial Age
46:37 Elite Skirmisher
48:32 Onager
49:21 Siege Engineers
49:22 Stone Mining
52:01 Blast Furnace
51:40 Hand Cart
51:32 Onager
53:15 Bracer
53:52 Plate Barding Armor
53:09 Cavalier
55:00 Gold Mining
55:56 Bracer
56:59 Chemistry
55:31 Arbalester
59:09 Gold Shaft Mining
59:10 Stone Shaft Mining
63:18 Hoardings
64:54 Conscription
66:36 Redemption
Connection lost

Rejoining the realm…

Still unreachable

The connection could not be restored.

Session expired

The server has moved on; the page needs a fresh start.